 Dungeon Crawl Stone Soup version 0.24-a0-373-g39439d866b (webtiles) character file.

Game seed: 18111804839196995824

6 vurker the Firebug (level 1, 0/14 HPs)
             Began as a Draconian Fire Elementalist on May 30, 2019.
             Slain by a dart slug (3 damage)
             ... on level 1 of the Dungeon.
             The game lasted 00:01:25 (157 turns).

vurker the Firebug (Draconian Fire Elementalist)     Turns: 157, Time: 00:01:25

Health: 0/14       AC:  4    Str: 10    XL:     1   Next: 75%
Magic:  0/3        EV: 12    Int: 15    God:
Gold:   12         SH:  0    Dex: 11    Spells: 3/4 levels left

rFire    . . .     SeeInvis .   b - +0 dagger
rCold    . . .     Gourm    .   (no shield)
rNeg     . . .     Faith    .   (armour unavailable)
rPois    .         Spirit   .   (helmet restricted)
rElec    .         Reflect  .   (no cloak)
rCorr    .         Harm     .   (no gloves)
MR       .....                  (no boots)
Stlth    ++........             (no amulet)
HPRegen  0.04/turn              (no ring)
MPRegen  0.08/turn              (no ring)

@: very slightly contaminated
A: unfitting armour, cold-blooded, AC +4
a: no special abilities


You were on level 1 of the Dungeon.
You were not hungry.

You visited 1 branch of the dungeon, and saw 1 of its levels.

You collected 12 gold pieces.

Inventory:

Hand Weapons
 b - a +0 dagger (weapon)
   (You took it off a kobold on level 1 of the Dungeon)
Scrolls
 a - a scroll of identify {unknown}
Comestibles
 c - 3 chunks of flesh
 e - a ration {!d}


   Skills:
 + Level 0.2 Fighting
 - Level 1.7 Dodging
 - Level 1.7 Stealth
 + Level 2.0 Spellcasting
 * Level 1.3 Conjurations
 * Level 3.1 Fire Magic


You had 3 spell levels left.
You knew the following spells:

 Your Spells              Type           Power        Failure   Level  Hunger
a - Flame Tongue          Conj/Fire      #....        9%          1    #......

Your spell library contained the following spells:

 Spells                   Type           Power        Failure   Level  Hunger
 Throw Flame              Conj/Fire      #.....       13%         2    ###....
 Conjure Flame            Conj/Fire      #.......     26%         3    ###....
 Inner Flame              Hex/Fire       #.......     34%         3    ###....
 Sticky Flame             Conj/Fire      #.......     65%         4    #####..
 Fireball                 Conj/Fire      #.........   94%         5    ######.


Dungeon Overview and Level Annotations

Branches:
Dungeon (1/15)

Altars:


Innate Abilities, Weirdness & Mutations

Your plain brown scales are hard. (AC +4)
You cannot fit into any form of body armour.
You are cold-blooded and may be slowed by cold attacks.


Message History

You see here a bat skeleton.
Things that are here:
a +0 dagger; a goblin corpse You butcher the goblin corpse.
c - 3 chunks of flesh (gained 1)
Things that are here:
a +0 dagger; a goblin skeleton You see here a bat skeleton.
There is an open door here.
You see here a rat skeleton.
You start resting.
Your magical contamination has completely faded away.
There is a staircase leading out of the dungeon here.
You open the door.
A leopard gecko comes into view.
Found 9 sling bullets.
A goblin comes into view. It is wielding a +0 dagger.
The goblin shouts!
The goblin completely misses you.
There is an open door here.
Aim: a goblin, wielding a +0 dagger The flame tongue misses the goblin.
The goblin hits you but does no damage. The leopard gecko bites you.
A dart slug comes into view.
Aim: a goblin, wielding a +0 dagger You miscast Flame Tongue.
You are very lightly contaminated with residual magic.
Wisps of smoke drift from your hands. The leopard gecko barely misses you.
The goblin hits you with a +0 dagger.
Aim: a goblin, wielding a +0 dagger You miscast Flame Tongue.
Nothing appears to happen.
The leopard gecko misses you. The goblin closely misses you.
You don't have enough magic to cast that spell.
The leopard gecko barely misses you.
You hit the leopard gecko. The leopard gecko closely misses you.
You hit the leopard gecko.
You kill the leopard gecko!
You don't have enough magic to cast that spell.
You hit the goblin. The goblin hits you but does no damage.
You barely miss the goblin. The goblin hits you with a +0 dagger.
* * * LOW HITPOINT WARNING * * *
The dart slug closely misses you. The dart slug launches a dart at you.
The slug dart hits you.
* * * LOW HITPOINT WARNING * * *
Aim: a goblin, wielding a +0 dagger The flame tongue hits the goblin!
You kill the goblin!
The dart slug bites you.
You die...

.#############
.w......(....#
#...........#
##'## #.).#
###.♣.###
#..@w...#
.#+#.#.♣.<.♣.# #
.....#.......#.#
.....###.♣.###.#
.......#†..#...#
.......##÷##...#
#............#
###..........#.#
.......)÷......#


You could see a dart slug.

Vanquished Creatures
  A leopard gecko (D:1)
  A bat (D:1)
  2 goblins (D:1)
  A kobold (D:1)
  A rat (D:1)
6 creatures vanquished.

Notes
Turn   | Place    | Note
-------+----------+-------------------------------------------
     0 | D:1      | vurker the Draconian Fire Elementalist began the quest for
                  | the Orb.
     0 | D:1      | Reached XP level 1. HP: 14/14 MP: 3/3
   157 | D:1      | Slain by a dart slug

Levels and vault maps discovered:
D:1:      dpeg_arrival_simpleton_c, layout_basic, interstate_on_off,
          minivault_11

Action                   || total
-------------------------++-------
Melee: Dagger            ||    10
 Cast: Flame Tongue      ||     8
Armor: Skin              ||     6
Dodge: Dodged            ||    11

Table legend:
 A = Non-vault XP
 B = Vault XP
 C = Vault XP percentage of total XP
 D = Non-vault monster count
 E = Vault monster count
 F = Vault count percentage of total count
                 A         B        C        D         E       F
            +---------+---------+-------+---------+---------+-------
      Total |       9 |       0 |   0.0 |       6 |       0 |   0.0
            +---------+---------+-------+---------+---------+-------
        D:1 |       9 |       0 |   0.0 |       6 |       0 |   0.0
            +---------+---------+-------+---------+---------+-------
